 Dungeon Sprint DCSS version 0.31-a0-931-g7b59d4eb97 (webtiles) character file.

Game seed: 4436944342753151187

27 rocky1 the Insei (level 3, -2/27 HPs)
             Began as a Djinni Shapeshifter on Oct 20, 2023.
             Was an Initiate of Gozag.
             Slain by an ufetubus (3 damage)
             ... in the Dungeon (Sprint VII: "The Pits").
             The game lasted 00:00:52 (359 turns).

rocky1 the Insei (Djinni Shapeshifter)               Turns: 359, Time: 00:00:52

Health: -2/27      AC:  2    Str: 13    XL:     3   Next: 25%
Gold:   207        EV: 13    Int: 11    God:    Gozag SH:  0 Dex: 14

rFire   + +          .
                       - Unarmed
rCold   x . .        (no shield)
rNeg    . . .        a - +0 animal skin
rPois   ∞            (helmet currently unavailable)
rElec   .            (cloak currently unavailable)
rCorr   .            (gloves currently unavailable)
SInv    .            (boots unavailable)
Will    .....        (no amulet)
Stlth   +            (no ring)
HPRegen 0.24/turn    (no ring)
MPRegen 0.00/turn

%: no teleportation, infuse magic (-3 HP)
@: beast-form, flying
A: beast (slay +2), flying, sickness immunity, fire resistance 2, cold
vulnerability 1, float, innate caster, HP casting, extra vitality 1
a: Begin Untransformation, Renounce Religion, Potion Petition, Call Merchant,
Bribe Branch


You were in the Dungeon.
You worshipped Gozag.
Gozag was aware of your devotion.
You were a hulking beast.
You visited 1 branch You collected 207 gold pieces.

Inventory:

Armour
 a - a +0 animal skin (worn)
Talismans
 c - a beast talisman (active)
 d - a flux talisman
Scrolls
 i - a scroll of blinking
 k - 2 scrolls of vulnerability
 l - a scroll of summoning
Potions
 b - a potion of lignification
 e - a potion of curing
 f - a potion of heal wounds
 g - a potion of haste
 h - 3 potions of berserk rage
 j - 2 potions of invisibility


   Skills:
 + Level 1.3 Fighting
 + Level 3.0 Dodging
 + Level 0.1 Stealth
 + Level 4.7 Unarmed Combat
 + Level 4.2 Shapeshifting


You knew the following spells:

 Your Spells              Type           Power      Damage    Failure   Level
a - Sandblast             Erth           0%         2d4       34%         1
Your spell library was empty.

Dungeon Overview and Level Annotations

Branches:
Dungeon (1/1)

Altars:
Ashenzari
Cheibriados
Dithmenos
Elyvilon
Fedhas
Gozag
Hepliaklqana
Makhleb
Nemelex Xobeh
Okawaru
Qazlal
Ru
Trog
Uskayaw
Wu Jian
Xom
Yredelemnul
Zin
The Shining One
Jiyva
Lugonu


Innate Abilities, Weirdness & Mutations

You are a hulking beast.
Your limbs bulge with bestial killing power. (Slay +2)
You are flying.
You are immune to sickness and miasma.
You are immune to poison.
Your flesh is very heat resistant. (rF++)
You are vulnerable to cold. (rC-)
You float through the air rather than walking.
You learn spells naturally, not from books.
Your magical power is your life essence.
You have superior vitality. (+4 MHP)


Message History

The ufetubus completely misses you.
You miss the ufetubus. The ufetubus completely misses you.
The ufetubus closely misses you.
You hit the ufetubus.
The ufetubus is severely wounded.
The ufetubus hits you. The ufetubus barely misses you. x2
The ufetubus closely misses you.
You hit the ufetubus.
The ufetubus is severely wounded.
The ufetubus hits you. The ufetubus barely misses you.
You hit the ufetubus.
You kill the ufetubus!
Your Dodging skill increases to level 3!
You now have 207 gold pieces (gained 99).
There is an open door here.
You start resting.
HP restored.
You reach down and open the large door.
A scorpion comes into view. 2 ufetubi and a necrophage come into view.
The ufetubus shouts!
There is a large open door here.
The ufetubus attacks as it pursues you! The ufetubus completely misses you.
The ufetubus barely misses you. The ufetubus closely misses you.
The ufetubus hits you. The scorpion attacks as it pursues you!
The scorpion stings you. The ufetubus barely misses you. The ufetubus hits you.
There is an open door here.
The ufetubus completely misses you. The ufetubus misses you.
The ufetubus hits you. x2
You hit the ufetubus.
The ufetubus is heavily wounded.
The ufetubus slips past you! The ufetubus misses you. The ufetubus hits you. x2
* * * LOW HITPOINT WARNING * * *
The ufetubus closely misses you.
You barely miss the necrophage. The ufetubus hits you.
* * * LOW HITPOINT WARNING * * *
The ufetubus hits you.
You die...
Your body crumbles into a pile of gold.

#_______...###########++
##########'##...........
#.?(!')))'.##......#..#.
##########.##...........
#..........)'...........
#+#####'#####......#..#.
#.5#...'.##...........
#..#...#5#####'#####++
#..#####h##.......#
#..'...#n##.......#
#..'...'.##.......#
#..########...<...# #..
#.......# #.n #.......#
### #.......# #########


You could see a necrophage and an ufetubus.

Vanquished Creatures
  A gnoll (D)
  A river rat (D)
  An ufetubus (D)
  An endoplasm (D)
  A giant cockroach (D)
5 creatures vanquished.

Notes
Turn   | Place    | Note
-------+----------+-------------------------------------------
     0 | D        | rocky1 the Djinni Shapeshifter began the quest for the Orb.
     0 | D        | Reached XP level 1. HP: 17/17 MP: 0/0
    18 | D        | Reached XP level 2. HP: 15/22 MP: 0/0
    44 | D        | Found a bloodstained altar of Trog.
    44 | D        | Found a viscous altar of Jiyva.
    44 | D        | Found a hazy altar of Hepliaklqana.
    44 | D        | Found an opulent altar of Gozag.
    45 | D        | Found a glowing golden altar of the Shining One.
    45 | D        | Found a glowing silver altar of Zin.
    45 | D        | Found a basalt altar of Yredelemnul.
    45 | D        | Found a shimmering altar of Xom.
    45 | D        | Found an ornate altar of the Wu Jian Council.
    45 | D        | Found a sacrificial altar of Ru.
    45 | D        | Found a stormy altar of Qazlal.
    45 | D        | Found an iron altar of Okawaru.
    45 | D        | Found a sparkling altar of Nemelex Xobeh.
    45 | D        | Found a burning altar of Makhleb.
    45 | D        | Found a blossoming altar of Fedhas.
    45 | D        | Found a white marble altar of Elyvilon.
    45 | D        | Found a shadowy altar of Dithmenos.
    45 | D        | Found a snail-covered altar of Cheibriados.
    48 | D        | Found a corrupted altar of Lugonu.
    49 | D        | Found a hide-covered altar of Uskayaw.
    49 | D        | Found a broken altar of Ashenzari.
    52 | D        | Became a worshipper of Gozag Ym Sagoz the Greedy
    77 | D        | Reached XP level 3. HP: 21/27 MP: 0/0
    77 | D        | Learned a level 1 spell: Sandblast
   349 | D        | Noticed a scorpion
   350 | D        | Noticed a necrophage
   359 | D        | HP: 1/27 [ufetubus (4)]
   359 | D        | Slain by an ufetubus

Illustrated notes

Levels and vault maps discovered:
D:        pitsprint [storerooms_1, entrance_room_1, metal_vault_7, armoury_2,
          mini_pit_1, grid_room_1, main_hall_1, silver_pit, the_coven_3,
          the_vestibule_1, steel_vault_1, golden_pit, hallway_of_sentries,
          crystal_vault_1, iron_vault_1, final_vault]

Skill      XL: |  1  2  3 |
---------------+----------+-----
Shapeshifting  | 3 4 |  4.2
Unarmed Combat | 4 |  4.7
Dodging        | 3 |  3.0
Fighting       | |  1.3
Stealth        | |  0.1

Action                     || total
---------------------------++-------
  Melee: Unarmed           ||    27
   Stab: Sleeping          ||     1
 Armour: Animal skin       ||    25
  Dodge: Dodged            ||    30

Table legend: (Time is in decaauts)
 A = Elapsed time spent in this place.
 B = Non-inter-level travel time spent in this place.
 C = Inter-level travel time spent in this place.
 D = Time resting spent in this place.
 E = Time spent auto-exploring this place.
 F = Levels seen in this place.
 G = Mean time per level.
                   A        B        C        D        E       F      G
               +--------+--------+--------+--------+--------+-----+--------+
         Total |    357 |    357 |      0 |    243 |      0 |   1 |  357.0 |
       Dungeon |    357 |    357 |      0 |    243 |      0 |   1 |  357.0 |
               +--------+--------+--------+--------+--------+-----+--------+

Top non-repeatable levels by time:
       D: 357 daAuts
